 Dungeon Crawl Stone Soup version 0.30-a0-462-gd5975efbca (webtiles) character file.

Game seed: 10571681598483082467

19991 Ijustatesigmund the Contemplative (level 12, -9/108 HPs)
             Began as a Hill Orc Fire Elementalist on Dec 16, 2022.
             Was a Priest of Cheibriados.
             Killed from afar by Azrael (11 damage)
             ... with a bolt of fire
             ... on level 12 of the Dungeon.
             The game lasted 00:40:14 (20806 turns).

Ijustatesigmund the Contemplative (HOFE)           Turns: 20806, Time: 00:40:16

Health: -9/108     AC: 11    Str: 20    XL:     12   Next: 74%
Magic:  10/20      EV: 11    Int: 27    God:    Cheibriados [***...]
Gold:   691        SH: 15    Dex: 25    Spells: 3/14 levels left

rFire   + . .      SeeInvis .    B - +3 war axe (freeze)
rCold   + . .      Faith    .    p - +2 kite shield
rNeg    . . .      Spirit   .    D - +0 troll leather armour
rPois   +          Reflect  .    (no helmet)
rElec   +          Harm     .    f - +1 cloak {Stlth+}
rCorr   +          Rampage  .    A - +1 pair of gloves
Will    .....                    h - +1 pair of boots
Stlth   +++.......               (no amulet)
HPRegen 1.18/turn                q - ring of poison resistance
MPRegen 0.17/turn                k - +6 ring of dexterity

@: resistant, very slow
A: no striking features
a: Renounce Religion, Bend Time, Temporal Distortion


You were on level 12 of the Dungeon.
You worshipped Cheibriados.
Cheibriados was most pleased with you.
You visited 2 branches of the dungeon, and saw 13 of its levels.

You collected 905 gold pieces.
You spent 214 gold pieces at shops.

Inventory:

Hand Weapons
 d - a +3 war axe
 s - a +0 broad axe
 B - a +3 war axe of freezing (weapon)
 E - a +5 flail of protection
Armour
 a - a +1 robe of resistance
 f - a +1 cloak of stealth (worn)
 h - a +1 pair of boots (worn)
 o - a +2 robe of cold resistance
 p - a +2 kite shield (worn)
 A - a +1 pair of gloves (worn)
 D - a +0 troll leather armour (worn)
Jewellery
 k - a +6 ring of dexterity (right hand)
 q - a ring of poison resistance (left hand)
 C - a ring of ice
 L - an amulet of guardian spirit
Wands
 m - a wand of mindburst (16)
 n - a wand of polymorph (9)
 F - a wand of roots (9)
 I - a wand of flame (20)
Scrolls
 v - 2 scrolls of magic mapping
 w - 4 scrolls of immolation
 y - a scroll of amnesia
 G - 4 scrolls of identify
 K - a scroll of poison
Potions
 b - 2 potions of magic
 e - 2 potions of might
 i - 4 potions of ambrosia
 j - 5 potions of lignification
 l - 2 potions of attraction
 r - 6 potions of cancellation
 t - 3 potions of flight
 u - a potion of mutation
 x - 3 potions of brilliance


   Skills:
 + Level 10.7 Fighting
 - Level 10.0 Axes
 + Level 5.5 Armour
 - Level 1.5 Dodging
 - Level 1.5 Stealth
 - Level 9.2 Shields
 - Level 1.5 Spellcasting
 + Level 9.1 Conjurations
 - Level 8.0 Fire Magic
 + Level 11.2 Invocations


You had 3 spell levels left.
You knew the following spells:

 Your Spells              Type           Power      Damage    Failure   Level
a - Foxfire               Conj/Fire      100%       2x1d9     1%          1
b - Scorch                Fire           90%        2d9       1%          2
c - Flame Wave            Conj/Fire      48%        2d12      8%          4
d - Sticky Flame          Conj/Fire      48%        2d7       8%          4

Your spell library contained the following spells:

 Spells                   Type           Power      Damage    Failure   Level
 Inner Flame              Hex/Fire       23%        N/A       16%         3
 Kindle Blastsparks       Fire/Tloc/Air  32%        2d12      28%         3
 Ozocubu's Armour         Ice            2%         N/A       63%         3
 Fireball                 Conj/Fire      24%        3d11      22%         5
 Starburst                Conj/Fire      24%        6d8       77%         6
 Passage of Golubria      Tloc           2%         N/A       95%         4
 Metabolic Englaciation   Hex/Ice        1%         N/A       100%        5
 Silence                  Hex/Air        1%         N/A       100%        5
 Simulacrum               Ice/Necr       1%         N/A       100%        6
 Lehudib's Crystal Spear  Conj/Erth      13%        10d4      100%        8


Dungeon Overview and Level Annotations

Branches:
Dungeon (12/15)            Temple (1/1) D:5            Lair (0/5) D:10
    Orc: D:9-12

Altars:
Ashenzari
Cheibriados
Dithmenos
Elyvilon
Fedhas
Gozag
Hepliaklqana
Kikubaaqudgha
Makhleb
Nemelex Xobeh
Okawaru
Qazlal
Ru
Sif Muna
Trog
Uskayaw
Vehumet
Wu Jian
Xom
Yredelemnul
Zin
The Shining One

Shops:
D:2 (   D:4 ?   D:5 :

Portals:
Trove: D:10 (give +3 gold dragon scales)

Annotations:
D:12 Azrael


Message History

You freeze the hell hound. You block the hell hound's attack.
You block the fire elemental's attack. Azrael gestures at you.
The sticky flame misses you. The hell hound closely misses you.
The fire elemental hits you. The fire elemental burns you! You resist.
Azrael hits you with a +1 scimitar of flaming!
Azrael burns you.
Activating: Slouch (1% risk of failure)
Press: ? - help, Dir - look around, f - activate You can feel time thicken for a moment.
You kill the hell hound!
Cheibriados thoroughly appreciates the change of pace.
You kill the hell hound!
Cheibriados thoroughly appreciates the change of pace.
Cheibriados raises the support of your attributes as your movement slows.
You destroy the fire elemental!
Cheibriados thoroughly appreciates the change of pace.
Cheibriados lowers the support of your attributes as your movement quickens.
Azrael is momentarily hidden by a cloud of flames.
Azrael hits you but does no damage.
You hit Azrael but do no damage.
Azrael is heavily wounded.
You slash the fire elemental! You freeze the fire elemental.
You destroy the fire elemental!
Cheibriados appreciates the change of pace.
Azrael gestures at you.
The sphere of damnation explodes!
The damnation engulfs you!!
* * * LOW HITPOINT WARNING * * *
The damnation engulfs Azrael.
Azrael completely resists.
You hear a shout!
Okay, then.
Okay, then.
Activating: Slouch (1% risk of failure)
Press: ? - help, Dir - look around, f - activate You can feel time thicken for a moment.
You can no longer inflict damage on those overly hasty.
Cheibriados lowers the support of your attributes as your movement quickens.
Azrael gestures at you. The bolt of fire hits you! You resist.
You die...

##.<.###.####.#### #.###
###.####......# #.##.
#.....#######[# #.##.
#.....# ##'## #.##. #.<.(.#
##...## #.##. #.....#
##.....## #(... #.....#
##.......## ###..
#####...####.°.......####...
...........@.†.......'.)....
####...####R........###....
##..# ##.......## #.#.. ##.#
##.....## #.##. #.# ##...##
#.##. #.# ##'## #.### #.##
#.# #.... #..# #.# #####
##.#######.###### #


You could see Azrael.

Vanquished Creatures
  A boulder beetle (D:12)
  3 two-headed ogres
  Erica (D:8)
  Pikel (D:6)
  2 glowing orange brains (D:11)
  An orc knight (D:10)
  A cyclops (D:11)
  3 deep elf pyromancers
  An ugly thing (D:11)
  3 manticores
  2 moths of wrath (D:11)
  A gargoyle (D:11)
  Maggie (D:9)
  2 unseen horrors
  Psyche (D:10)
  A queen bee (D:8)
  2 trolls
  A hornet (D:10)
  2 slime creatures (D:11)
  3 wyverns
  16 yaks
  2 fire elementals (D:12)
  3 steam dragons
  Menkaure (D:4)
  Edmund (D:5)
  3 acid dragons
  2 hell hounds (D:12)
  2 water moccasins
  4 orc warriors
  An ice beast (D:6)
  A black bear (D:7)
  2 ogres
  6 centaurs
  A phantom (D:5)
  6 kobold brigands
  4 lemures
  2 bullfrogs
  2 gnoll sergeants
  4 scorpions
  A necrophage (D:7)
  4 wights (D:8)
  4 howler monkeys
  25 killer bees
  2 hounds
  3 jellies
  2 orc priests
  Crazy Yiuf (D:4)
  2 gnoll boudas
  3 iguanas
  Terence (D:2)
  Natasha (D:2)
  7 orc wizards
  Robin (D:4)
  17 gnolls
  10 adders
  A shadow imp (D:8)
  2 white imps
  A dart slug (D:3)
  32 orcs
  9 bats
  6 endoplasms
  4 giant cockroaches
  17 goblins
  8 hobgoblins
  14 jackals
  6 quokkas
  3 ball pythons
  2 frilled lizards (D:1)
  29 kobolds
  4 rats
318 creatures vanquished.

Vanquished Creatures (others)
  2 orcs (D:12)
  A kobold (D:10)
  486 foxfires
489 creatures vanquished.

Grand Total: 807 creatures vanquished

Notes
Turn   | Place    | Note
-------+----------+-------------------------------------------
     0 | D:1      | Ijustatesigmund the Hill Orc Fire Elementalist began the
                  | quest for the Orb.
     0 | D:1      | Reached XP level 1. HP: 14/14 MP: 3/3
   269 | D:1      | Reached skill level 1 in Fighting
   269 | D:1      | Reached XP level 2. HP: 20/23 MP: 0/4
   542 | D:1      | Found a faded altar of an unknown god.
   603 | D:1      | Reached XP level 3. HP: 28/28 MP: 2/5
   606 | D:1      | Learned a level 2 spell: Scorch
  1162 | D:2      | Noticed Terence
  1169 | D:2      | Killed Terence
  1170 | D:2      | Reached XP level 4. HP: 36/36 MP: 2/6
  1571 | D:2      | Found Exeus's Antique Weapon Shoppe.
  1669 | D:2      | Noticed Natasha
  1676 | D:2      | Killed Natasha
  2059 | D:3      | Found a blossoming altar of Fedhas.
  2061 | D:3      | Found a stormy altar of Qazlal.
  2061 | D:3      | Found a white marble altar of Elyvilon.
  2061 | D:3      | Found a shimmering altar of Xom.
  2250 | D:3      | Reached XP level 5. HP: 31/44 MP: 0/7
  2905 | D:4      | Noticed Menkaure
  3039 | D:4      | Killed Menkaure
  3040 | D:4      | Reached skill level 5 in Fire Magic
  3040 | D:4      | Reached XP level 6. HP: 28/52 MP: 3/8
  3232 | D:4      | Learned a level 4 spell: Flame Wave
  3251 | D:4      | Found a radiant altar of Vehumet.
  3801 | D:4      | Noticed Robin
  3810 | D:4      | Killed Robin
  4168 | D:4      | Found Omiuzotich's Magic Scroll Shop.
  4172 | D:4      | Bought a scroll of identify for 26 gold pieces
  4172 | D:4      | Bought a scroll of fear for 52 gold pieces
  4172 | D:4      | Bought a scroll of magic mapping for 97 gold pieces
  4172 | D:4      | Bought a scroll of teleportation for 39 gold pieces
  4345 | D:4      | Reached XP level 7. HP: 60/60 MP: 3/9
  4747 | D:4      | Found a runed translucent door.
  4748 | D:4      | Noticed Crazy Yiuf
  5020 | D:4      | Killed Crazy Yiuf
  5163 | D:5      | Entered Level 5 of the Dungeon
  5386 | D:5      | Noticed Edmund
  5581 | D:5      | Found a staircase to the Ecumenical Temple.
  5622 | D:5      | Reached skill level 5 in Fighting
  5929 | D:5      | Found Vihon's Vocational Training.
  6103 | D:5      | Killed Edmund
  6104 | D:5      | Reached skill level 5 in Conjurations
  6104 | D:5      | Reached XP level 8. HP: 31/70 MP: 0/10
  7287 | D:6      | Noticed Pikel
  7563 | D:6      | Killed Pikel
  7564 | D:6      | Reached XP level 9. HP: 41/79 MP: 1/11
  8779 | D:6      | Found an ornate altar of the Wu Jian Council.
  9006 | D:6      | Found a shimmering blue altar of Sif Muna.
  9006 | D:6      | Found a glowing silver altar of Zin.
  9007 | D:6      | Found a hazy altar of Hepliaklqana.
  9333 | D:7      | Reached skill level 1 in Axes
  9333 | D:7      | Reached skill level 5 in Shields
 10115 | D:7      | Found a sacrificial altar of Ru.
 10533 | Temple   | Entered the Ecumenical Temple
 10729 | Temple   | Became a worshipper of Cheibriados the Contemplative
 10950 | D:7      | Reached skill level 1 in Invocations
 11083 | D:7      | Found a bloodstained altar of Trog.
 11267 | D:8      | Reached skill level 5 in Axes
 11267 | D:8      | Reached skill level 2 in Invocations
 11267 | D:8      | Reached XP level 10. HP: 61/88 MP: 6/12
 11272 | D:8      | Noticed a two-headed ogre
 11358 | D:8      | Noticed Erica
 11371 | D:8      | Killed Erica
 11372 | D:8      | Reached skill level 4 in Invocations
 11432 | D:8      | Killed a two-headed ogre
 11750 | D:8      | Reached skill level 5 in Invocations
 12139 | D:8      | Reached * piety under Cheibriados
 12550 | D:9      | Noticed Maggie
 12565 | D:9      | Killed Maggie
 13169 | D:8      | Reached skill level 6 in Invocations
 14081 | D:8      | Reached ** piety under Cheibriados
 14661 | D:9      | Reached skill level 7 in Invocations
 14661 | D:9      | Reached XP level 11. HP: 76/93 MP: 10/16
 15028 | D:10     | Entered Level 10 of the Dungeon
 15288 | D:9      | Noticed a two-headed ogre
 15304 | D:9      | Killed a two-headed ogre
 15611 | D:9      | Reached skill level 8 in Invocations
 16024 | D:10     | Reached *** piety under Cheibriados
 16058 | D:10     | Noticed a two-headed ogre
 16071 | D:10     | Killed a two-headed ogre
 16394 | D:10     | Noticed an orc knight
 16408 | D:10     | Killed an orc knight
 16682 | D:10     | Found a glowing golden altar of the Shining One.
 16723 | D:10     | Reached skill level 10 in Axes
 16877 | D:10     | Reached **** piety under Cheibriados
 16886 | D:10     | Noticed Psyche
 16894 | D:10     | Reached skill level 9 in Invocations
 16901 | D:10     | Noticed a deep elf pyromancer
 16903 | D:10     | Reached skill level 1 in Armour
 16922 | D:10     | Killed Psyche
 16968 | D:10     | Killed a deep elf pyromancer
 17349 | D:10     | Found a shadowy altar of Dithmenos.
 17633 | D:10     | Found a staircase to the Lair.
 17695 | D:10     | Found a portal to a secret trove of treasure.
 17941 | D:11     | Noticed a cyclops
 17952 | D:11     | Killed a cyclops
 18200 | D:11     | a slime creature changed into a moth of wrath
 18200 | D:11     | Noticed a moth of wrath
 18200 | D:11     | a slime creature changed into a moth of wrath
 18200 | D:11     | Noticed a moth of wrath
 18200 | D:11     | a slime creature changed into a glowing orange brain
 18200 | D:11     | Noticed a glowing orange brain
 18200 | D:11     | a slime creature changed into a glowing orange brain
 18200 | D:11     | Noticed a glowing orange brain
 18206 | D:11     | Killed a moth of wrath
 18207 | D:11     | Reached XP level 12. HP: 105/105 MP: 11/19
 18209 | D:11     | Reached skill level 10 in Invocations
 18928 | D:11     | Reached skill level 10 in Fighting
 19217 | D:10     | Learned a level 4 spell: Sticky Flame
 20234 | D:12     | Reached skill level 5 in Armour
 20558 | D:12     | Noticed a boulder beetle
 20574 | D:12     | Killed a boulder beetle
 20575 | D:12     | Reached skill level 11 in Invocations
 20631 | D:12     | Noticed Azrael
 20805 | D:12     | HP: 1/108 [Azrael/damnation (35)]
 20806 | D:12     | Killed from afar by Azrael

Illustrated notes

Levels and vault maps discovered:
D:1:      evilmike_arrival_hilbert_curve, layout_rooms,
          ebering_ecumenical_altar_hall, minmay_liquid_box,
          serial_park_tiny_pond, chequers_arboretum,
          amcnicky_mini_corridor_feature, serial_park_tiny_pond,
          minmay_crystal_room, serial_bayou_pond_c, grunt_decor_one_mirror,
          minmay_fountain_box
D:2:      layout_loops_ring, serial_shops, shop, hangedman_decor_peaks_small,
          uniq_terence, uniq_natasha
D:3:      layout_basic, grunt_temple_overflow_open
D:4:      layout_basic, nicolae_vehumet_radiance, serial_shops, shop,
          uniq_menkaure, uniq_robin, uniq_crazy_yiuf_cottage
D:5:      layout_rooms, temple_statues, nicolae_shop_vocational, uniq_edmund
D:6:      layout_rooms, old_standard_altar, gammafunk_temple_overflow_claw,
          lightli_orcish_oven, uniq_pikel
D:7:      layout_rooms, hangedman_ru_absence, general_overflow_altar
D:8:      hellmonk_crumbling_castle, layout_basic, uniq_erica
D:9:      layout_rooms, special_room [special_room_bee], uniq_maggie
D:10:     layout_roguey, mainiacjoe_overflow_six_doors_small, lair_entry_dummy,
          enter_trove_6, minmay_misc_feat_square, minmay_ruined_shrine,
          uniq_psyche
D:11:     layout_irregular_city
D:12:     layout_loops_corners, erik_orc_4, uniq_azrael
Temple:   nicolae_temple_bog_church

Skill      XL: |  1  2  3  4  5  6  7  8  9 10 11 12 |
---------------+-------------------------------------+-----
Fighting       | 1 2 4 5 7 9 10 | 10.7
Conjurations   | 2 3 4 5 6 8 9 |  9.1
Fire Magic     | 4 5 6 7 8 |  8.0
Shields        | 6 8 9 |  9.2
Axes           | 5 8 10 | 10.0
Invocations    | 2 7 9 11 | 11.2
Armour         | 2 5 |  5.5
Dodging        | |  1.5
Stealth        | |  1.5
Spellcasting   | |  1.5

Action                   |  1- 3 |  4- 6 |  7- 9 | 10-12 || total
-------------------------+-------+-------+-------+-------++-------
Melee: Short sword       |    49 |    59 |       |       ||   108
       Dagger            |       |       |    61 |       ||    61
       War axe           |       |       |    52 |   322 ||   374
       Unarmed           |       |       |       |     1 ||     1
Throw: Dart              |     2 |     5 |     9 |    15 ||    31
 Cast: Foxfire           |    39 |    71 |   140 |    44 ||   294
       Scorch            |     1 |    19 |    61 |    89 ||   170
       Flame Wave        |       |       |     1 |     8 ||     9
Invok: Slouch            |       |       |       |     4 ||     4
Evoke: Wand              |       |       |     4 |    15 ||    19
  Use: Scroll            |       |    13 |    14 |     8 ||    35
       Potion            |       |       |     2 |    14 ||    16
 Stab: Sleeping          |       |       |     1 |     5 ||     6
       Distracted        |       |       |     1 |     1 ||     2
Armor: Robe              |    36 |    32 |    65 |       ||   133
       Leather armour    |       |       |     7 |   129 ||   136
       Troll leather arm |       |       |       |    41 ||    41
Dodge: Dodged            |    50 |    81 |   121 |   216 ||   468
Block: Kite shield       |       |       |    95 |   442 ||   537

Table legend: (Time is in decaauts)
 A = Elapsed time spent in this place.
 B = Non-inter-level travel time spent in this place.
 C = Inter-level travel time spent in this place.
 D = Time resting spent in this place.
 E = Time spent auto-exploring this place.
 F = Levels seen in this place.
 G = Mean time per level.
                   A        B        C        D        E       F      G
               +--------+--------+--------+--------+--------+-----+--------+
         Total |  22684 |  21725 |    959 |   9051 |   9541 |  13 | 1744.9 |
       Dungeon |  22469 |  21539 |    930 |   9051 |   9363 |  12 | 1872.4 |
        Temple |    214 |    185 |     29 |      0 |    177 |   1 |  214.0 |
               +--------+--------+--------+--------+--------+-----+--------+

Top non-repeatable levels by time:
     D:8: 3707 daAuts
     D:5: 2724 daAuts
    D:10: 2682 daAuts
    D:11: 2394 daAuts
     D:6: 2018 daAuts
     D:4: 2000 daAuts
     D:9: 1595 daAuts
     D:7: 1276 daAuts
     D:3: 1236 daAuts
     D:2: 980 daAuts
     D:1: 938 daAuts
    D:12: 915 daAuts
  Temple: 214 daAuts
